[Event "Romanian Superliga 2024"]
[Site "Mamaia"]
[Date "2024.10.03"]
[Round "6.1"]
[White "Pranav Vijay"]
[Black "Mendonca, Leon Luke"]
[Result "1-0"]
[ECO "A06"]
[WhiteElo "2252"]
[BlackElo "2622"]
[Annotator "TA"]
[PlyCount "115"]
[EventDate "2024.09.26"]
[EventType "team-tourn"]
[EventCountry "ROU"]
[SourceTitle "playchess.com"]
[Source "ChessBase"]
[SourceQuality "1"]
[TimeControl "40/5400+30:1800+30"]

1. b3 d5 2. Bb2 Nf6 3. Nf3 Bf5 4. e3 e6 5. Be2 h6 6. c4 Bd6 7. Nc3 c6 8. O-O {[%emt 0:00:52] The position is equal.} O-O 9. d4 Ne4 10. Nxe4 Bxe4 11. Ne1 Nd7 12. Bd3 Qe7 13. f3 Bxd3 14. Nxd3 dxc4 15. bxc4 c5 16. f4 Rac8 17. Qb3 Rc7 18. Rac1 Rfc8 19. a4 f6 20. Rce1 Qf7 21. Ne5 Qe8 (21... fxe5 22. fxe5 Qe7 23. exd6 Qxd6 24. Rb1 $11) 22. Nd3 Kh8 23. a5 Qf7 24. Rc1 Qg6 25. Rf3 Qf5 26. Nf2 Qh5 27. Ne4 Bf8 {[%emt 0:01:35] [#]} 28. f5 $1 cxd4 29. exd4 exf5 (29... e5 $11) 30. Ng3 $14 Qe8 31. Nxf5 Qe4 {[%emt 0:00:31] Black is now going downhill.} 32. Rff1 b6 (32... Nb8 $142) 33. Qg3 ({Better is} 33. Ba3) 33... Qe6 (33... Rxc4 $2 34. Rxc4 Rxc4 35. Ba3 $18) (33... Nb8 $16 {was worth a try.}) 34. Ba3 $1 $18 {[%emt 0:01:06] Bd6 would now be deadly.} Qf7 35. Bxf8 Qxf8 (35... Nxf8 {might work better.} 36. Nd6 Qd7) 36. Rce1 Nb8 37. Re6 Nc6 38. axb6 axb6 39. Rfe1 {[%emt 0:00:09] Qg6 is the strong threat.} Qb4 $2 (39... Nxd4 40. Nxd4 Rxc4) 40. Re8+ $2 (40. Rxc6 b5 41. Rf1 (41. Rxc7 Rxc7 42. c5 Rf7 $18) 41... Qxc4 42. Rxc4 bxc4 43. Rc1 (43. Qc3 Ra7 $18)) 40... Rxe8 41. Rxe8+ Kh7 42. Qxc7 $40 {[%emt 0:07:05][%csl Gf5][%cal Rc7g7][%mdl 128] White goes for the king.} Qb1+ 43. Kf2 Qxf5+ {[%emt 0:00:53][%mdl 4096] Endgame. KQR-KQN} 44. Ke3 Nb4 45. Qe7 (45. Qxb6 Qd3+ 46. Kf2 Qf5+ 47. Ke1 Qb1+ 48. Ke2 Qc2+ 49. Kf3 Qd1+ 50. Re2 Nc2 $16) 45... Qg5+ 46. Kf2 $1 (46. Kf3 Qh5+ 47. Ke3 (47. Kg3 Nc2 $14) 47... Qg5+ 48. Kf2 (48. Kf3 Nc2 $18) 48... Nd3+ 49. Ke2 Nf4+ 50. Kd1 (50. Kf3 Nxg2 51. Qe4+ f5 $11) 50... Qa5 $11) 46... Qf4+ $2 (46... Qd2+ 47. Kf3 Qd3+ 48. Kf4 Qf1+ (48... Qxd4+ $2 49. Qe4+ Qxe4+ 50. Kxe4 $18) 49. Kg3 Qd3+ 50. Qe3 Qg6+ 51. Kf2 Nd3+ 52. Kf1 Nb2) 47. Ke2 Qg4+ {[%emt 0:02:32] [#]} 48. Ke1 $1 Nd3+ 49. Kd2 Nf2 50. Qe6 {[%emt 0:05:14] And now Qxg4 would win.} Qd1+ {[%emt 0:06:35] [#]} 51. Ke3 $1 {[%emt 0:02:10] Intending Qf5+ and mate.} Ng4+ 52. Ke4 {[%emt 0:00:57] Qf5+ would kill now.} Qc2+ (52... h5 $142 53. Kd5 (53. Qxb6 $2 Qe2+ 54. Kd5 Qxe8 $19) 53... Nh6) 53. Kd5 f5 54. Kc6 (54. Qxb6 $2 Nf6+ (54... Nxh2 $2 55. Qe6 $18) 55. Kd6 Nxe8+ $19) 54... Nf6 55. Re7 Qxg2+ 56. d5 (56. Kxb6 Qb2+ 57. Ka6 Qa3+ 58. Kb7 Qb2+ 59. Kc8 (59. Qb6 Qg2+ 60. Ka7 Qg5 $18) 59... Qxd4 60. Qxf5+ Kg8 $18) 56... Qg5 57. d6 ({Not} 57. Kxb6 f4 $18) 57... f4 58. d7 {[%emt 0:00:18] Weighted Error Value: White=0.17 (very precise) /Black=0.43.  Mistake:       	White=2     	Black=7      Inaccurate:     	White=1     	Black=2      OK:         	White=10    	Black=15     Best:        	White=9     	Black=5      Strong:       	White=3     	---} (58. Kxb6 f3 59. h4 Qg1+ 60. c5 Qb1+ 61. Kc7 Qg6 $18) 1-0

[Event "Romanian Superliga 2024"]
[Site "Mamaia"]
[Date "2024.10.03"]
[Round "6.2"]
[White "Aryan Chopra"]
[Black "Erdos, Viktor"]
[Result "1-0"]
[ECO "C42"]
[WhiteElo "2620"]
[BlackElo "2538"]
[Annotator "TA"]
[PlyCount "113"]
[EventDate "2024.09.26"]
[EventType "team-tourn"]
[EventCountry "ROU"]
[SourceTitle "playchess.com"]
[Source "ChessBase"]
[SourceQuality "1"]
[TimeControl "40/5400+30:1800+30"]

1. e4 e5 2. Nf3 Nf6 3. Nxe5 d6 4. Nf3 Nxe4 5. d4 d5 6. Bd3 Bd6 7. O-O O-O 8. c4 c6 9. Qc2 h6 {[%emt 0:00:42] is recently more successful than 9...Na6. C42: Petroff Defence: 3 Nxe5 and unusual White 3rd moves.} 10. c5 $5 {[%emt 0:00:20][%mdl 4] Leaves trodden paths.} Bc7 11. Nc3 f5 12. a3 Qf6 $146 ({Predecessor:} 12... Be6 13. Ne2 g5 14. Ne1 Nd7 15. f3 Qe8 16. g3 Qh5 17. Ng2 Rae8 18. Be3 Ndf6 {½-½ Mendonca,L (2622)-Gurel,E (2514) FIDE Grand Swiss 2023 (7)}) 13. Ne2 Ng5 14. Ne5 Nd7 15. f4 Ne4 16. b4 Kh7 17. b5 cxb5 18. Bxb5 Qe6 19. c6 Nxe5 20. fxe5 Bb6 21. Be3 g5 22. Ng3 Kg7 23. Rac1 bxc6 24. Bxc6 Rb8 25. Qa2 Nxg3 26. hxg3 Bb7 27. Bxb7 $1 Rxb7 28. Qd2 Rc7 29. a4 Rxc1 30. Rxc1 Rc8 31. Rb1 (31. Rxc8 $14 Qxc8 32. Qb4) 31... Rb8 {[%emt 0:02:30] [#]} (31... f4 $11 32. gxf4 gxf4 33. Bxf4 Qg6) 32. Qd3 (32. Qa2 $1 $16 {a5 is the strong threat.} Rf8 33. a5) 32... Rc8 33. Rf1 Rf8 $1 34. Kh2 Qd7 35. Qa3 Rc8 36. a5 Bd8 {[%emt 0:00:03] [#]} 37. Bd2 $1 Be7 38. Qd3 Rc4 39. Rxf5 a6 (39... Qe6 $16 40. g4 Qc8) 40. Rf1 Qg4 41. Qb1 Rxd4 $2 (41... Qh5+ 42. Kg1 Qg4) 42. Qb7 $18 Qh5+ 43. Kg1 Qe8 44. Be3 Re4 45. Bc5 (45. Qxd5 $2 Rxe3 46. Qd4 Qc6 (46... Rxg3 $2 47. e6+ Kg6 48. Qe4+ Kg7 49. Rf7+ $18) 47. e6+ (47. Qxe3 $2 Bc5 $19) 47... Kg6 $19) 45... Rxe5 46. Bd4 $1 Kg8 47. g4 ({And not} 47. Bxe5 Bc5+ 48. Rf2 (48. Bd4 Bxd4+ 49. Rf2 Bxf2+ 50. Kxf2 Qf7+ 51. Qxf7+ Kxf7 $19) 48... Bxf2+ 49. Kxf2 Qxe5 $11) 47... Bd6 48. Bxe5 Qxe5 49. Qf7+ ({Worse is} 49. Qxa6 Qh2+ 50. Kf2 Bc5+ 51. Ke1 Qe5+ 52. Kd1 Qa1+ 53. Ke2 Qb2+ 54. Kd3 Qb3+ 55. Ke2 (55. Kd2 Bb4+ 56. Kc1 Ba3+ 57. Kd2 Bb4+ 58. Kc1 Ba3+ 59. Kd2 Bb4+ $11) 55... Qc2+ 56. Kf3 Qc3+ 57. Ke2 Qc2+ 58. Kf3 Qb3+ 59. Ke2 Qe3+ 60. Kd1 Qb3+ 61. Ke2 $11) 49... Kh8 50. Qf6+ Kh7 51. Qxe5 Bxe5 52. Rf5 Bc3 53. Rxd5 Kg7 54. Rd7+ Kf8 55. Rd6 Bxa5 56. Rxh6 Bd2 57. Rxa6 1-0

[Event "Romanian Superliga 2024"]
[Site "Mamaia"]
[Date "2024.10.03"]
[Round "6.3"]
[White "Grigore, George-Gabriel"]
[Black "Nisipeanu, Liviu-Dieter"]
[Result "0-1"]
[ECO "E32"]
[WhiteElo "2414"]
[BlackElo "2580"]
[Annotator "TA"]
[PlyCount "56"]
[EventDate "2024.09.26"]
[EventType "team-tourn"]
[EventCountry "ROU"]
[SourceTitle "playchess.com"]
[Source "ChessBase"]
[SourceQuality "1"]
[TimeControl "40/5400+30:1800+30"]

1. d4 Nf6 2. c4 e6 3. Nc3 Bb4 4. Qc2 O-O 5. a3 Bxc3+ 6. Qxc3 b6 7. Bg5 Bb7 8. e3 d6 9. f3 h6 10. Bh4 Nbd7 11. Bd3 e5 12. O-O-O e4 13. Bc2 Qe8 14. f4 {[%emt 0:03:32][%cal Og2g4] Black has an edge.} b5 15. Nh3 (15. Qb4 $1 $15) 15... bxc4 $19 16. Bxf6 Nxf6 17. Qxc4 Bd5 18. Qa4 Qc8 19. Nf2 a5 {[%emt 0:04:58] Strongly threatening ...Qb7.} 20. Rd2 $2 {[%emt 0:13:11] [#]} (20. Bb3 $17 {keeps fighting.}) 20... Qb7 21. g4 Rfb8 22. Bd1 Ra6 23. g5 hxg5 24. fxg5 Nh7 25. g6 fxg6 26. Be2 (26. b3 {is a better defense.}) 26... Rb6 (26... Rc6+ $142 27. Rc2 Qxb2+ 28. Kd2 Rxc2+ 29. Qxc2 Qxa3) 27. Nd1 Nf6 (27... Kf8 $19 {Threatens to win with ...Bb3.} 28. Rg1 Bb3) 28. Bc4 {[%emt 0:00:52][%mdl 8192] [#]} (28. Rc2 $15) 28... Qc6 $1 {[%emt 0:01:00] Weighted Error Value: White=0.74/Black=0.51.  Loses game:     	White=2     	---        Mistake:       	White=2     	Black=2      Inaccurate:     	White=2     	Black=2      OK:         	White=5     	Black=7      Best:        	White=1     	Black=2      Strong:       	---       	Black=1} 0-1

[Event "Romanian Superliga 2024"]
[Site "Mamaia"]
[Date "2024.10.03"]
[Round "6.4"]
[White "Nanu, Costica-Ciprian"]
[Black "Istratescu, Andrei"]
[Result "1/2-1/2"]
[ECO "B33"]
[WhiteElo "2525"]
[BlackElo "2370"]
[Annotator "TA"]
[PlyCount "73"]
[EventDate "2024.09.26"]
[EventType "team-tourn"]
[EventCountry "ROU"]
[SourceTitle "playchess.com"]
[Source "ChessBase"]
[SourceQuality "1"]
[TimeControl "40/5400+30:1800+30"]

1. e4 c5 2. Nf3 e6 3. d4 cxd4 4. Nxd4 Nf6 5. Nc3 Nc6 6. Ndb5 d6 7. Bf4 e5 8. Bg5 a6 9. Na3 b5 10. Nd5 Be7 11. Bxf6 Bxf6 12. c3 O-O 13. Nc2 Rb8 14. Be2 Bg5 15. O-O Ne7 16. Nxe7+ Bxe7 17. Nb4 Bb7 {[%emt 0:00:57] Against Nc6} 18. Nd5 {[%emt 0:00:39] White is slightly better.} Bxd5 19. Qxd5 Qb6 {[%emt 0:00:13] Black is weak on the light squares} 20. Rad1 Rfc8 21. Qb3 Rc5 22. Rd5 Rxd5 23. Qxd5 Qc5 24. Rd1 Qxd5 25. Rxd5 $11 {[%emt 0:00:07][%mdl 4096] Endgame. KRB-KRB} Kf8 26. Kf1 Ke8 27. Ke1 Kd7 28. Bd1 Bd8 29. Rd3 b4 30. Bb3 bxc3 {[%emt 0:00:25] The position is equal.} 31. bxc3 (31. Rxc3 $2 {perishes.} Ba5 32. Kd2 g6 $19 (32... Bxc3+ $2 33. Kxc3 Rc8+ 34. Kd2 $19)) 31... Ke7 32. Rf3 f6 33. Rh3 h6 34. Rg3 Kf8 35. Rd3 Ke7 36. Rg3 Kf8 37. Rd3 {[%emt 0:58:38] Weighted Error Value: White=0.04 (flawless) /Black=0.03 (flawless) .  OK:         	White=7     	Black=12} 1/2-1/2

[Event "Romanian Superliga 2024"]
[Site "Mamaia"]
[Date "2024.10.03"]
[Round "6.5"]
[White "Stepanencu, Nicodim-Cosmin"]
[Black "Ilinca, Felix-Antonio"]
[Result "1/2-1/2"]
[ECO "A13"]
[WhiteElo "2296"]
[BlackElo "2417"]
[Annotator "RC"]
[PlyCount "137"]
[EventDate "2024.09.26"]
[EventType "team-tourn"]
[EventCountry "ROU"]
[SourceTitle "playchess.com"]
[Source "ChessBase"]
[SourceQuality "1"]
[TimeControl "40/5400+30:1800+30"]

1. Nf3 d5 2. g3 Nf6 3. Bg2 e6 4. c4 d4 5. O-O c5 6. e3 Nc6 7. exd4 cxd4 8. d3 h6 9. Na3 Bxa3 10. bxa3 O-O 11. Re1 Re8 12. Bf4 Ng4 13. h3 e5 14. hxg4 exf4 15. gxf4 Bxg4 16. Rxe8+ Qxe8 17. Qb3 Qd7 18. Re1 Rd8 19. Ne5 Nxe5 20. Rxe5 b6 21. Qb4 Re8 22. Qe1 Rxe5 23. Qxe5 Bf5 24. Be4 Bxe4 25. Qxe4 g6 26. Kh2 Qd6 27. Kg2 Kg7 28. a4 h5 29. a5 bxa5 30. Qe5+ Qxe5 31. fxe5 g5 32. f4 gxf4 33. Kf3 Kf8 34. Kxf4 Ke7 35. Kf5 h4 36. Kg4 Ke6 37. Kxh4 Kxe5 38. Kg4 f6 39. a3 a6 40. Kg3 Kf5 41. Kf3 a4 42. Kg3 Kg5 43. Kh2 Kg4 44. Kg2 Kf4 45. Kh3 Kf5 46. Kh4 Kf4 47. Kh3 Kf5 48. Kg2 Kg4 49. Kf2 Kf4 50. c5 Ke5 51. Kf3 Kd5 52. Kf4 Kxc5 53. Kf5 Kc6 54. Kxf6 Kd6 55. Kf5 Kd5 56. Kf4 Kd6 57. Ke4 Kc5 58. Ke5 Kc6 59. Kxd4 Kd6 60. Kc4 Kc6 61. d4 Kd6 62. d5 Kd7 63. Kc5 Kc7 64. d6+ Kd7 65. Kd5 a5 66. Kc5 Kd8 67. Kc6 Kc8 68. d7+ Kd8 69. Kd6 1/2-1/2

[Event "Romanian Superliga 2024"]
[Site "Mamaia"]
[Date "2024.10.03"]
[Round "6.6"]
[White "Magold, Filip"]
[Black "Szabo, Attila"]
[Result "1-0"]
[ECO "B39"]
[WhiteElo "2406"]
[BlackElo "2137"]
[Annotator "TA"]
[PlyCount "85"]
[EventDate "2024.09.26"]
[EventType "team-tourn"]
[EventCountry "ROU"]
[SourceTitle "playchess.com"]
[Source "ChessBase"]
[SourceQuality "1"]
[TimeControl "40/5400+30:1800+30"]

1. e4 c5 2. Nf3 Nc6 3. d4 cxd4 4. Nxd4 g6 5. c4 Bg7 6. Be3 Nf6 7. Nc3 Ng4 8. Qxg4 Nxd4 9. Qd1 Ne6 10. Rc1 Qa5 11. Be2 b6 12. O-O Bb7 13. f3 d6 14. a3 g5 (14... O-O $14) 15. Nb5 $16 Bxb2 {[%emt 0:12:32] White is better.} 16. Rb1 Bc3 (16... Bxa3 $2 17. Ra1 Qb4 18. Rxa3 $18) 17. Rb3 {[%emt 0:05:01] White is more active.} (17. Qc2 $16 Be5 18. Bd2) 17... Bf6 $11 18. Rb4 Nc5 {[%emt 0:04:42] Inhibits Ra4.} 19. Nc7+ Kf8 20. Nxa8 Bxa8 21. Qc1 (21. f4 $5 gxf4 (21... Qxa3 $2 22. Bxc5 Bxe4 23. fxg5 $18) 22. Rxf4 $14 (22. Bxf4 Qxa3 23. e5 Bxe5 $15)) 21... h6 {[%emt 0:04:09][%mdl 1024] Black has compensation.} 22. Kh1 Kg7 23. Bd2 Qa6 24. Rd1 Bc6 25. Bf1 Qc8 26. Re1 Qc7 27. Rb1 Qb7 28. Be3 Qc7 29. Qd2 Qc8 30. Bd3 Qa6 (30... Qe6 $15 {keeps the upper hand.}) 31. Bxc5 $16 bxc5 32. f4 {[%emt 0:00:07] aiming for e5.} e5 33. fxg5 Bxg5 ({Black should try} 33... hxg5 $14 34. a4 Qc8) 34. Qf2 Rf8 35. h4 Be7 36. Re3 {[%emt 0:00:54] Hoping for Rg3+.} Bd7 37. Rg3+ Kh7 {[%emt 0:00:08] [#]} 38. Rb8 $1 {[%emt 0:01:21] Rxf8 would kill now.} Be6 (38... Bc8 39. Rf3) 39. Rxf8 Bxf8 40. Be2 $40 {[%emt 0:00:00][%mdl 128] Threatens to win with Bg4. White goes for the king.} Be7 $2 (40... Bg7 $16 41. Rb3 Qc8) 41. Bg4 $18 {[%emt 0:10:02] White wants to mate with Bxe6.} Bxc4 {[%emt 0:10:43] [#]} (41... Qc8 $18) 42. Be2 $1 Kh8 {[%emt 0:09:37] [#]} (42... Be6 43. Bxa6) 43. Qf1 $1 {[%emt 0:01:33] Weighted Error Value: White=0.14 (very precise) /Black=0.53.  Loses game:     	---       	Black=1      Mistake:       	White=2     	Black=4      Inaccurate:     	White=4     	Black=2      OK:         	White=10    	Black=8      Best:        	White=2     	---} 1-0

[Event "Romanian Superliga 2024"]
[Site "Mamaia"]
[Date "2024.10.03"]
[Round "6.7"]
[White "Hamitevici, Vladimir"]
[Black "Petkov, Momchil"]
[Result "1/2-1/2"]
[ECO "B51"]
[WhiteElo "2419"]
[BlackElo "2540"]
[Annotator "TA"]
[PlyCount "73"]
[EventDate "2024.09.26"]
[EventType "team-tourn"]
[EventCountry "ROU"]
[SourceTitle "playchess.com"]
[Source "ChessBase"]
[SourceQuality "1"]
[TimeControl "40/5400+30:1800+30"]

1. e4 c5 2. Nf3 d6 3. Bb5+ Nd7 4. d4 cxd4 5. Qxd4 a6 6. Bxd7+ Bxd7 7. c4 Nf6 8. O-O e6 9. Nc3 {[%emt 0:08:36] White has an edge.} Be7 10. Qd3 O-O 11. Rd1 Bc6 (11... b5 $5) 12. Nd4 Rc8 13. b3 Qa5 14. Bd2 {[%emt 0:03:41] White wants to play Nxc6.} Qh5 15. h3 Rfd8 16. Nxc6 Rxc6 17. Bf4 Nd7 18. Rac1 Ne5 19. Qe2 Qxe2 20. Nxe2 g5 21. Bxe5 dxe5 22. Rxd8+ Bxd8 $14 {[%emt 0:00:04][%mdl 4096] Endgame. KRB-KRN} 23. Rd1 Bc7 24. h4 gxh4 25. Kf1 Kf8 26. Nc1 b5 27. cxb5 axb5 28. Nd3 Ra6 29. Nb4 Ra3 30. Ra1 Bb6 31. Nc2 Ra8 32. a4 Rc8 33. Ra2 (33. a5 $11 Bxf2 34. Kxf2 Rxc2+ 35. Kf3) 33... Rc3 (33... bxa4 $17 34. bxa4 Rc4) 34. a5 $11 {[%emt 0:03:23] The position is equal.} Bxa5 35. Rxa5 Rxc2 36. Rxb5 Rb2 37. Rxe5 {[%emt 0:02:37] Weighted Error Value: White=0.12 (very precise) /Black=0.11 (very precise) .  Mistake:       	White=1     	Black=1      Inaccurate:     	White=3     	Black=6      OK:         	White=7     	Black=7      Best:        	White=4     	Black=1} 1/2-1/2

[Event "Romanian Superliga 2024"]
[Site "Mamaia"]
[Date "2024.10.03"]
[Round "6.8"]
[White "Stoyanov, Tsvetan"]
[Black "Raceanu, Valentin"]
[Result "0-1"]
[ECO "A17"]
[WhiteElo "2471"]
[BlackElo "2427"]
[Annotator "RC"]
[PlyCount "146"]
[EventDate "2024.09.26"]
[EventType "team-tourn"]
[EventCountry "ROU"]
[SourceTitle "playchess.com"]
[Source "ChessBase"]
[SourceQuality "1"]
[TimeControl "40/5400+30:1800+30"]

1. c4 e6 2. Nf3 d5 3. e3 Nf6 4. Nc3 Bd6 5. b3 O-O 6. Bb2 b6 7. cxd5 exd5 8. Nb5 Be7 9. Be5 Na6 10. Nbd4 Bb7 11. Nc6 Bxc6 12. Bxa6 Nd7 13. Bb2 Nc5 14. Be2 a5 15. O-O Bb7 16. Qc2 Re8 17. Bb5 c6 18. Be2 Bf8 19. Rac1 Rc8 20. Ne5 f6 21. Nf3 Ba6 22. Bxa6 Nxa6 23. Qf5 Rc7 24. Nd4 Qc8 25. Qb1 Nc5 26. f3 Qd7 27. Nf5 Ne6 28. Qd3 Nc5 29. Qc2 Ne6 30. Qd3 b5 31. Ng3 c5 32. Nh5 c4 33. Qf5 Qf7 34. f4 Bb4 35. Rcd1 Qg6 36. Qh3 Qf7 37. Rf3 d4 38. exd4 Rd8 39. Re3 Nxd4 40. Bxd4 Rxd4 41. Qg4 f5 42. Qf3 Rc8 43. Qe2 Rcd8 44. Rg3 Re4 45. Qf3 g6 46. d3 cxd3 47. h4 d2 48. Kh2 Kf8 49. a3 Bc5 50. Qc3 Bd4 51. Qxa5 Qe7 52. Rxd2 gxh5 53. Rg5 Rxf4 54. g3 Rf3 55. Kg2 Rxb3 56. Rxf5+ Kg7 57. Rg5+ Kh8 58. Kh2 Bg1+ 59. Kh1 Qe4+ 60. Rg2 Rd1 61. Qa6 Be3+ 62. Kh2 Bxg5 63. hxg5 Qd4 64. Qc8+ Qd8 65. Qe6 Rf3 66. Qe5+ Kg8 67. Qe6+ Rf7 68. g6 hxg6 69. Qxg6+ Rg7 70. Qe6+ Kh7 71. Qf5+ Kh6 72. Re2 Rd6 73. Re5 Qg5 0-1

[Event "Romanian Superliga 2024"]
[Site "Mamaia"]
[Date "2024.10.03"]
[Round "6.9"]
[White "Filip, Andrei"]
[Black "Ghimpu, Samuel-Timotei"]
[Result "0-1"]
[ECO "B12"]
[WhiteElo "2278"]
[BlackElo "2456"]
[Annotator "TA"]
[PlyCount "64"]
[EventDate "2024.09.26"]
[EventType "team-tourn"]
[EventCountry "ROU"]
[SourceTitle "playchess.com"]
[Source "ChessBase"]
[SourceQuality "1"]
[TimeControl "40/5400+30:1800+30"]

1. e4 c6 2. d4 d5 3. e5 Bf5 4. Nc3 a6 5. Be3 e6 6. g4 Bg6 7. Nge2 {[%emt 0:00:25] [#]} c5 $1 8. h4 {[%emt 0:02:55] The position is equal.} (8. f4 Qh4+) 8... h5 9. Nf4 Ne7 {[%emt 0:00:33] ...cxd4 would now be deadly.} (9... Bh7 $5 10. dxc5 (10. Nxh5 Nc6 $11) 10... Nc6 $17) 10. Nxg6 (10. Nxh5 Nbc6 11. Ne2 Nb4 $17) 10... Nxg6 11. Bg5 Qc7 {[%emt 0:19:11] Hoping for ...cxd4.} 12. gxh5 Ne7 13. dxc5 Nec6 14. Na4 (14. f4 $14) 14... Nd7 $15 15. c4 Nxc5 (15... Ncxe5 16. cxd5 Nxc5 17. Nxc5 Qxc5 18. Bg2 $16) (15... dxc4 $17 16. Bxc4 Ndxe5) 16. Nxc5 (16. cxd5 $11 {was the only way to keep the balance.} Nxa4 17. Qxa4 Qxe5+ 18. Be2 Qxd5 19. O-O) 16... Bxc5 $17 17. cxd5 Bb4+ ({Inferior is} 17... Nxe5 18. Qa4+ Kf8 19. O-O-O $14) (17... Qxe5+ 18. Be2 Nd4 (18... Qxd5 19. Qxd5 exd5 20. Rd1 $14) (18... exd5 19. Kf1 $11) 19. Rc1 Qxd5 20. Rh3 $15) 18. Bd2 Qxe5+ 19. Be2 {[%emt 0:00:07] White is weak on the dark squares} Qxd5 {[%emt 0:02:07] Black has more active pieces.} 20. Rh3 {[%emt 0:00:56] This costs White the game.} (20. Rg1 $17 {was the only defense.} Bxd2+ 21. Qxd2) 20... Qg2 21. Bf1 {[%emt 0:00:24] [#]} Qe4+ 22. Re3 Qxh4 23. Bxb4 Qxb4+ ({Resist} 23... Nxb4 24. a3 Nc6 25. Rh3) 24. Qd2 Qxd2+ ({But not} 24... Rxh5 25. Rd1 $19) 25. Kxd2 Rxh5 26. Bg2 Rd8+ 27. Ke1 Rg5 28. Kf1 Rd2 29. Rb1 Rc5 30. Re2 Rxe2 {[%emt 0:01:08] Black has a decisive advantage.} 31. Kxe2 Rc2+ 32. Ke3 f5 {[%emt 0:00:06] Against Be4.   Weighted Error Value: White=0.29 (precise) /Black=0.14 (very precise) .  Mistake:       	White=3     	Black=1      Inaccurate:     	White=4     	Black=2      OK:         	White=7     	Black=9      Best:        	White=7     	Black=2} 0-1

[Event "Romanian Superliga 2024"]
[Site "Mamaia"]
[Date "2024.10.03"]
[Round "6.11"]
[White "Itkis, Boris"]
[Black "Gheorghiu, Calin"]
[Result "1/2-1/2"]
[ECO "E06"]
[WhiteElo "2279"]
[BlackElo "2313"]
[Annotator "RC"]
[PlyCount "64"]
[EventDate "2024.09.26"]
[EventType "team-tourn"]
[EventCountry "ROU"]
[SourceTitle "playchess.com"]
[Source "ChessBase"]
[SourceQuality "1"]
[TimeControl "40/5400+30:1800+30"]

1. d4 Nf6 2. c4 e6 3. Nf3 d5 4. g3 Be7 5. Bg2 O-O 6. Nc3 c6 7. O-O a5 8. Ne5 Nbd7 9. Nxd7 Nxd7 10. b3 b6 11. Bb2 Ba6 12. Rc1 b5 13. cxd5 cxd5 14. Re1 Nb6 15. e3 b4 16. Ne2 a4 17. Rc2 Qd7 18. Nf4 Rfc8 19. Bf1 Rxc2 20. Qxc2 Rc8 21. Qb1 Bxf1 22. Kxf1 a3 23. Bc1 Qc6 24. Bd2 Qc2 25. Ke2 Qxb1 26. Rxb1 Rc2 27. Kd1 Rxa2 28. Nd3 f6 29. Rc1 Kf7 30. Rc2 Ra1+ 31. Rc1 Ra2 32. Rc2 Ra1+ 1/2-1/2

[Event "Romanian Superliga 2024"]
[Site "Mamaia"]
[Date "2024.10.03"]
[Round "6.12"]
[White "Coca, Cristi-Iulian"]
[Black "Negrean, Andrei"]
[Result "1/2-1/2"]
[ECO "B22"]
[WhiteElo "2233"]
[BlackElo "2267"]
[Annotator "RC"]
[PlyCount "55"]
[EventDate "2024.09.26"]
[EventType "team-tourn"]
[EventCountry "ROU"]
[SourceTitle "playchess.com"]
[Source "ChessBase"]
[SourceQuality "1"]
[TimeControl "40/5400+30:1800+30"]

1. e4 c5 2. c3 d5 3. exd5 Qxd5 4. Nf3 Nc6 5. Na3 Nf6 6. Be2 e6 7. O-O Be7 8. d3 O-O 9. Nc4 b6 10. a4 Bb7 11. a5 b5 12. Ne3 Qd8 13. a6 Bc8 14. d4 Qb6 15. dxc5 Bxc5 16. b4 Be7 17. c4 bxc4 18. Nxc4 Qxb4 19. Ba3 Qb8 20. Nfe5 Bxa3 21. Nxc6 Qc7 22. Bf3 Nd5 23. Bxd5 exd5 24. Qxd5 Be6 25. Qe4 Rfc8 26. Nxa3 Qxc6 27. Qxc6 Rxc6 28. Nb5 1/2-1/2

[Event "Romanian Superliga 2024"]
[Site "Mamaia"]
[Date "2024.10.03"]
[Round "6.13"]
[White "Kozak, Adam"]
[Black "Lashkin, Jegor"]
[Result "0-1"]
[ECO "D39"]
[WhiteElo "2609"]
[BlackElo "2472"]
[Annotator "TA"]
[PlyCount "76"]
[EventDate "2024.09.26"]
[EventType "team-tourn"]
[EventCountry "ROU"]
[SourceTitle "playchess.com"]
[Source "ChessBase"]
[SourceQuality "1"]
[TimeControl "40/5400+30:1800+30"]

1. d4 Nf6 2. c4 e6 3. Nf3 d5 4. Nc3 Bb4 5. Bg5 dxc4 6. e4 h6 7. Bxf6 Qxf6 8. Bxc4 c5 9. O-O O-O 10. e5 Qd8 11. Qe2 cxd4 12. Ne4 {[%emt 0:00:54] The position is equal.} Be7 13. Rfd1 Qc7 14. Rac1 Bd7 $1 {[%emt 0:00:15] [#]} 15. Bxe6 $1 Nc6 16. Bd5 Rad8 17. Ng3 (17. Nxd4 $2 {too greedy.} Nxd4 (17... Qxe5 18. Qb5 $11) 18. Qe3 Nc6 $19 (18... Qxe5 19. Qxd4 Qb8 20. Qc4 $15)) 17... Bg5 18. Rc4 Rfe8 19. Qc2 Qb8 20. Ne4 ({Much weaker is} 20. Nxd4 Nxe5 21. Rb4 Qc8 22. Bxb7 Qb8 $15) 20... d3 21. Rxd3 (21. Qb3 $5 Be6 22. Bxe6 Rxe6 23. Nexg5 hxg5 24. Re4 Nxe5 25. Nxg5 $11) 21... Nxe5 22. Nxe5 Qxe5 23. Rc5 {[%emt 0:00:40][%cal Od5f7] Wards off Bb5. Threatens to win with Bxf7+!} Qe7 {[%emt 0:02:45] White must now prevent ...Kh8.} (23... Kh8 {is more complex.} 24. Bxb7 Qb8 25. Rxd7 Rxd7 26. Bc6 Qxb2 27. h4 Qxc2 28. Rxc2 Rxe4 29. Bxd7 Re1+) 24. f3 {[%emt 0:00:17] [#]} (24. Bxb7 Ba4 25. Rxd8 Bxc2 26. Rxe8+ Qxe8) (24. g3 $11) 24... Kh8 $1 $17 25. Qc3 (25. g4 $17 {was worth a try.}) 25... Bf4 $19 {[%emt 0:00:26] And now ...f5 would win.} 26. g3 $2 (26. Bb3 {might work better.} f5 27. Ng3) 26... Be5 {[%emt 0:00:30] This pair of bishops is nice.} 27. Qc1 Be6 28. Nf2 b6 29. Rb5 a6 30. Bxe6 axb5 31. Bd5 Qc5 32. Qd2 Bxb2 {[%emt 0:00:56] aiming for ...Bc1.} 33. Kg2 $2 {[%emt 0:00:01] [#]} (33. Bxf7 {nothing else works.} Rxd3 34. Qxd3) 33... Bc3 $1 34. Qd1 (34. Rxc3 Qxd5) 34... Re1 35. Qc2 Bd4 36. Qd2 Bxf2 37. Bxf7 Rg1+ 38. Kh3 Qf5+ {[%emt 0:00:05] Weighted Error Value: White=0.65/Black=0.10 (very precise) .  Mistake:       	White=4     	---        Inaccurate:     	White=4     	Black=2      OK:         	White=11    	Black=12     Best:        	White=1     	Black=3      Strong:       	---       	Black=2} 0-1